 Dungeon Crawl Stone Soup version 0.31.0-12-g77e489cdc1 (webtiles) character file.

Game seed: 10744640569376794111

340 Gadfly the Covered (level 6, -4/51 HPs)
             Began as an Armataur Fighter on Feb 28, 2024.
             Killed by nerve-wracking pain
             ... invoked by an orc priest
              (8 damage)
             ... on level 4 of the Dungeon.
             The game lasted 00:04:58 (2939 turns).

Gadfly the Covered (Armataur Fighter)               Turns: 2939, Time: 00:04:59

Health: -4/51      AC:  8    Str: 22    XL:     6   Next: 30%
Magic:  8/8        EV:  7    Int:  8    God:
Gold:   157        SH:  6    Dex: 17    Spells: 5/5 levels left

rFire   . . .        a - +0 flail
rCold   . . .        c - +1 buckler
rNeg    . . .        b - +0 scale mail
rPois   .            (no helmet)
rElec   .            (no cloak)
rCorr   .            k - +0 pair of gloves
SInv    +            (no barding)
Will    .....        (no amulet) Stlth
                     i - +6 ring of dexterity
HPRegen 0.28/turn    m - ring of see invisible
MPRegen 0.11/turn

%: roll
@: no status effects
A: large, deformed body, tough skin 3, armoured tail, roll 1
a: no special abilities


You were on level 4 of the Dungeon.
You visited 1 branch of the dungeon, and saw 4 of its levels.

You collected 157 gold pieces.

Inventory:

Hand Weapons
 a - a +0 flail (weapon)
 n - the +5 spear of Tender Mercy {protect, *Rage rF+ Dex+2 SInv}
   (You found it on level 3 of the Dungeon)

   Dex+2:     It affects your dexterity (+2).
   rF+:       It protects you from fire.
   SInv:      It lets you see invisible.
   *Rage:     It berserks you when you make melee attacks (+20% chance).
Armour
 b - a +0 scale mail (worn)
 c - a +1 buckler (worn)
 k - a +0 pair of gloves (worn)
Jewellery
 i - a +6 ring of dexterity (left hand)
 j - a +6 ring of dexterity
 m - a ring of see invisible (right hand)
Scrolls
 l - a scroll of amnesia
 o - 2 scrolls of revelation
 q - a scroll of vulnerability {unknown}
Potions
 d - a potion of might
 e - a potion of lignification
 f - 6 potions of curing
 g - a potion of heal wounds
 h - a potion of resistance


   Skills:
 + Level 3.3 Fighting
 * Level 3.2 Maces & Flails
 + Level 4.4 Armour
 + Level 3.9 Shields
 * Level 2.8 Invocations
 * Level 2.7 Evocations


You had 5 spell levels left.
You didn't know any spells.
Your spell library contained the following spells:

 Spells                   Type           Power      Damage    Failure   Level
 Blink                    Tloc           0%         N/A       90%         2
 Lesser Beckoning         Tloc           0%         N/A       90%         2
 Momentum Strike          Conj/Tloc      0%         3d8       90%         2


Dungeon Overview and Level Annotations

Branches:
Dungeon (4/15)
 Temple: D:4-7

Altars:

Shops:
D:3 [


Innate Abilities, Weirdness & Mutations

Armour fits poorly on your strangely shaped body.
You have extremely tough skin. (AC +3)
You have a long armoured tail.
You regenerate magic when rolling toward enemies. (Rampage MPRegen)


Message History

You bump into the rock wall.
The orc wizard hits you but does no damage.
The orc priest hits you but does no damage.
You are too confused!
You bump into the rock wall.
The orc wizard casts a spell at you. You resist with some effort.
The orc priest invokes the aid of Beogh against you.
Beogh smites you!
You closely miss the orc priest.
The orc wizard points at you and mumbles some strange words.
The magic dart hits you. The orc priest hits you with a +0 club.
You sock the orc priest!
The orc priest is severely wounded.
You feel less confused.
The orc wizard hits you but does no damage.
You block the orc priest's attack.
The orc priest looks braver for a moment.
You hit the orc wizard.
The orc wizard is moderately wounded.
The orc wizard hits you with a +0 dagger.
The orc priest calls upon Beogh to heal the orc priest.
The orc wizard's wounds heal themselves!
You block the orc priest's attack.
The orc wizard points at you and mumbles some strange words.
The magic dart hits you.
* * * LOW HITPOINT WARNING * * *
The orc priest miscasts a cantrip. x2
You sock the orc wizard!
The orc wizard is heavily wounded.
The orc wizard hits you but does no damage.
The orc priest barely misses you.
The orc priest mumbles some strange prayers to Beogh against you.
Beogh smites you!
* * * LOW HITPOINT WARNING * * *
You hit the orc priest.
The orc priest is severely wounded.
The orc priest calls down the wrath of Beogh upon you.
Pain shoots through your body!
You die...

..... .. .....##### #.#
..........#####...
................#
......#o.....(..##
......##.o?......#
.......#.....#...##
.......##o........# .......
.......#@o#........
.................#.........
............................
....<..............†........
............................
............................
.............####...........
...........#. ##..........
.........##.# #.........#


You could see 2 orc priests and an orc wizard (invisible).

Vanquished Creatures
  An ogre (D:4)
  A scorpion (D:3)
  A bombardier beetle (D:3)
  Jessica (D:3)
  An orc wizard (D:4)
  A gnoll (D:4)
  5 adders
  2 dart slugs
  3 orcs (D:4)
  2 bats
  7 endoplasms
  4 giant cockroaches
  8 goblins
  2 hobgoblins
  3 jackals (D:3)
  2 quokkas (D:4)
  3 ball pythons
  2 frilled lizards
  4 kobolds
  4 rats
57 creatures vanquished.

Notes
Turn   | Place    | Note
-------+----------+-------------------------------------------
     0 | D:1      | Gadfly the Armataur Fighter began the quest for the Orb.
     0 | D:1      | Reached XP level 1. HP: 18/18 MP: 1/1
   163 | D:1      | Reached XP level 2. HP: 11/25 MP: 2/2
   421 | D:1      | Found a faded altar of an unknown god.
   875 | D:2      | Reached skill level 1 in Invocations
   875 | D:2      | Reached skill level 1 in Evocations
   936 | D:2      | Reached XP level 3. HP: 26/30 MP: 3/3
  1395 | D:3      | Reached skill level 4 in Armour
  1395 | D:3      | Reached XP level 4. HP: 36/37 MP: 5/5
  1527 | D:3      | Noticed a scorpion
  1536 | D:3      | Killed a scorpion
  1537 | D:3      | Reached XP level 5. HP: 30/45 MP: 6/6
  1632 | D:3      | Noticed Jessica
  1637 | D:3      | Killed Jessica
  1991 | D:3      | Identified the +5 spear of Tender Mercy {protect, *Rage rF+
                  | Dex+2 SInv}
  1996 | D:3      | Found Rimyusor's Armour Emporium.
  2528 | D:4      | Noticed an ogre
  2534 | D:4      | Killed an ogre
  2535 | D:4      | Reached XP level 6. HP: 33/51 MP: 6/8
  2939 | D:4      | Killed from afar by an orc priest

Illustrated notes

Levels and vault maps discovered:
D:1:      shiori_arrival_whats_in_store_for_you, layout_loops_ring,
          hellmonk_ecumenical_altar_crossroads, minmay_misc_feat_roman
D:2:      layout_rooms, bh_walls_and_bars
D:3:      layout_loops_ring, serial_shops, nicolae_shop_tiny_statue_garden,
          kennysheep_generic_room_14, uniq_jessica
D:4:      layout_layer_cave, minmay_quadrilaterals

Skill      XL: |  1  2  3  4  5 |
---------------+----------------+-----
Maces & Flails | 2 3 |  3.2
Invocations    | 1 2 |  2.8
Evocations     | 1 2 |  2.7
Armour         | 4 |  4.4
Fighting       | 3 |  3.3
Shields        | |  3.9

Action                     |  1- 3 |  4- 6 || total
---------------------------+-------+-------++-------
  Melee: Flail             |    75 |    76 ||   151
         Tailslap          |     7 |    17 ||    24
    Use: Scroll            |     8 |     1 ||     9
         Potion            |     1 |     1 ||     2
 Armour: Scale mail        |    44 |    63 ||   107
  Dodge: Dodged            |    25 |    28 ||    53
  Block: Buckler           |    15 |    26 ||    41
